Map: Base du roi Sejong EC

Players

milouz

  • Race: Terran Terran
  • Spawn Location: 5:00

zidar - Winner!

  • Race: Zerg Zerg
  • League: Gold
  • Spawn Location: 11:00

VOD

Have the link to the VOD?

Description

Time

  • Played on: July 3, 2016, 4:13 a.m.
  • Length: 30:32
Show
View Real Time Build Order
Export as new Build Order

milouz Terran 

Build Orders: 1/1/1, Liberator Opening 

Get SALT Encoding   

  12  0:01  SCV  
  13  0:13  SCV  
  14  0:18  Supply Depot  
  14  0:25  SCV  
  15  0:39  SCV  
  16  0:43  Barracks  
  16  0:47  Refinery  
  16  0:51  SCV  
  16  0:56  Refinery  
  17  1:04  SCV  
  18  1:16  SCV  
  19  1:37  Orbital Command  
  19  1:38  Marine  
  20  1:42  Factory  
  20  1:47  Supply Depot  
  20  2:12  Barracks Reactor  
  21  2:15  SCV  
  21  2:25  Factory Tech Lab  
  21  2:27  Starport  
  21  2:33  SCV  
  21  2:45  SCV  
  21  2:47  Siege Tank  
  21  2:50  Marine x2  
  27  2:56  Liberator  
  27  2:59  Supply Depot  
  27  3:00  SCV  
  31  3:20  Marine x2  
  31  3:23  Siege Tank  
  31  3:26  Supply Depot  
  36  3:38  SCV  
  36  3:39  Liberator  
  37  3:41  Marine x2  
  42  4:03  Marine  
  42  4:04  Marine  
  44  4:15  Siege Tank  
  47  4:19  Supply Depot  
  32  5:17  Command Center  
  32  5:26  Armory  
  29  5:55  Marine  
  30  5:58  Stimpack  
  30  6:00  Hellion x2  
  30  6:03  SCV  
  35  6:10  Starport Reactor  
  35  6:13  Marine  
  35  6:14  Factory  
  35  6:15  SCV  
  37  6:20  Terran Vehicle Weapons Level 1, Engineering Bay  
  34  6:27  SCV  
  35  6:39  Liberator, SCV  
  33  6:41  Hellion x2  
  33  6:42  Marine  
  38  6:48  Orbital Command  
  38  6:51  Refinery, SCV  
  39  7:00  Marine, Medivac  
  45  7:04  SCV  
  46  7:16  SCV  
  46  7:17  Hellion x2  
  46  7:18  Reaper, Factory Tech Lab  
  52  7:24  SCV  
  52  7:28  SCV  
  54  7:36  SCV  
  55  7:41  Infernal Pre-Igniter  
  55  7:47  Sensor Tower  
  55  7:58  Thor  
  55  8:00  Hellion x2  
  55  8:01  Marine  
  66  8:10  Barracks  
  66  8:12  SCV  
  67  8:13  SCV  
  67  8:19  Marine  
  69  8:36  Marine  
  70  8:44  Command Center  
  70  8:47  Medivac  
  72  8:48  Supply Depot  
  72  8:54  Marine  
  73  9:16  Marine, Thor  
  82  9:26  SCV x2  
  82  9:27  Widow Mine  
  84  9:33  Marine  
  84  9:34  Refinery  
  84  9:38  SCV  
  86  9:55  Marine, SCV  
  86  9:58  Barracks Reactor  
  86  9:59  Supply Depot  
  82  10:12  Orbital Command  
  82  10:13  Marine  
  82  10:14  Thor  
  89  10:29  SCV x2  
  89  10:31  Marauder  
  93  10:40  Factory Tech Lab, Medivac x2  
  93  10:41  SCV  
  98  10:43  Refinery  
  98  10:47  Refinery  
  98  10:52  Marine  
  98  10:57  Thor  
  105  11:10  Marine  
  100  11:14  Thor  
  100  11:15  Marine x2  
  104  11:23  Barracks  
  104  11:27  Barracks  
  104  11:28  Marine  
  105  11:33  Marine x2, Terran Vehicle And Ship Armor Level 1  
  105  11:34  Terran Infantry Armor Level 1  
  105  11:36  SCV  
  105  11:37  SCV  
  105  11:39  Thor  
  109  11:44  SCV  
  116  11:48  SCV  
  116  11:53  Supply Depot  
  117  11:57  Supply Depot  
  117  12:01  Supply Depot  
  117  12:15  Marine x2, Thor  
  125  12:16  Supply Depot  
  125  12:19  Marauder, SCV x3  
  125  12:21  Marine  
  125  12:22  Thor  
  137  12:31  SCV  
  137  12:33  Marine x2  
  140  12:38  Medivac  
  140  12:39  Supply Depot  
  140  12:40  Marine, Supply Depot  
  143  12:50  Marine x2  
  145  12:52  Factory  
  145  12:53  Marine  
  145  12:54  Marine  
  145  12:58  Marine, Barracks  
  148  13:08  Marine x2  
  148  13:11  Marine x2  
  152  13:16  Marine  
  152  13:18  Thor x2  
  165  13:24  SCV  
  165  13:25  SCV x2  
  165  13:26  Marine x2  
  170  13:29  Marine x2  
  172  13:36  SCV  
  172  13:37  SCV x2  
  174  14:10  Marine x5  
  174  14:13  Barracks Tech Lab  
  179  14:28  Marine x2  
  179  14:30  Terran Infantry Armor Level 2  
  179  14:31  Terran Vehicle Weapons Level 2  
  181  14:35  Supply Depot  
  181  14:38  Marine x3  
  184  14:45  Marine  
  184  14:46  Marine  
  184  14:48  Command Center  
  186  14:56  Marine x3  
  189  15:02  Sensor Tower  
  189  15:03  Marine  
  120  16:08  Thor x2  
  120  16:09  Marine x6  
  113  16:21  Factory Tech Lab  
  113  16:23  Factory  
  113  16:24  Combat Shield  
  113  16:27  Marine x6  
  119  16:35  Liberator  
  117  16:44  Marine  
  117  16:45  Marine x5  
  105  16:47  Thor  
  105  16:51  Thor x2  
  105  16:54  Medivac  
  122  16:57  Terran Vehicle And Ship Armor Level 2  
  122  17:01  Terran Infantry Weapons Level 1  
  122  17:02  Marine x3  
  122  17:03  Marine x3  
  122  17:06  Orbital Command  
  128  17:20  Marine x4  
  128  17:21  Marine x2  
  134  17:30  Thor  
  134  17:31  Factory Tech Lab  
  134  17:34  Thor x2  
  152  17:38  Marine x3  
  154  17:47  Medivac  
  154  17:48  Marine x3, Medivac  
  161  17:56  Marine x3  
  164  18:03  Thor  
  170  18:06  Marine x3  
  172  18:13  Marine, Thor  
  153  18:40  Viking x2  
  157  18:43  Thor  
  157  18:44  Marine x3  
  157  18:45  Marine x3  
  169  18:50  Refinery  
  169  18:52  Refinery  
  169  18:53  SCV x2  
  169  18:56  Refinery  
  169  19:02  Marine x4  
  97  19:31  Thor  
  97  19:32  Thor  
  109  19:43  Marine x6  
  109  19:45  Thor  
  105  19:46  Viking  
  105  19:47  Viking  
  94  20:01  Marine x6  
  91  20:18  Marine x2  
  91  20:19  Marine  
  93  20:35  Thor  
  93  20:36  Thor x2  
  93  20:41  Marine x6  
  117  20:46  Viking  
  117  20:47  Viking  
  119  20:58  Marine x2  
  119  20:59  Marine x4  
  96  21:16  Marine x3, Thor  
  96  21:17  Marine x3  
  93  21:19  Hellbat  
  86  21:33  Viking  
  86  21:34  Marine x3  
  91  21:58  Command Center  
  91  22:08  Thor  
  56  23:31  Thor x3  
  56  23:32  Marine x2, Thor  
  56  23:33  Marine x4  
  82  23:50  Marine x3  
  82  23:51  Orbital Command  
  85  24:04  Refinery  
  85  24:29  Liberator  
  85  24:35  Orbital Command  
  75  24:42  Marine x3  
  75  24:43  Marine x3  
  84  24:54  Medivac  
  86  25:00  Marine x5  
  91  25:24  Medivac  
  91  25:25  Thor  
  91  25:26  Marine x2  
  91  25:27  Marine  
  98  25:58  Refinery  
  87  26:48  Thor x4  
  87  26:49  Marine x6  
  117  27:07  Marine  
  121  27:47  Widow Mine x2  
  121  27:48  Widow Mine  
  121  28:11  Orbital Command  
  120  28:32  Orbital Command  
  120  28:38  Orbital Command  
  120  29:03  Marine  
  120  29:04  Marine x5  
  126  29:21  Marine x2  
  126  29:22  Marine  
  129  29:32  Refinery  
  129  29:33  Refinery  
  112  29:57  Marine x4  
  112  29:58  Marine x2  
Show
View Real Time Build Order
Export as new Build Order

zidar Zerg - Winner!

Build Orders: Hatch First 

Get SALT Encoding   

  12  0:01  Drone  
  13  0:12  Overlord  
  13  0:18  Drone  
  14  0:30  Drone x2  
  16  0:52  Hatchery  
  16  0:53  Drone  
  16  0:58  Extractor, Drone  
  16  1:14  Spawning Pool  
  16  1:16  Drone  
  16  1:21  Drone  
  16  1:25  Drone  
  18  1:38  Overlord  
  18  1:52  Drone  
  19  2:03  Queen  
  19  2:05  Queen  
  23  2:09  Zergling x4  
  23  2:14  Zergling x2  
  26  2:18  Metabolic Boost  
  26  2:22  Drone  
  27  2:25  Drone  
  28  2:56  Drone x6  
  34  3:00  Extractor  
  33  3:06  Pneumatized Carapace  
  33  3:17  Baneling Nest  
  32  3:33  Zergling x8  
  36  3:39  Overlord x2  
  36  3:40  Overlord  
  36  4:01  Baneling x5  
  36  4:13  Zergling x2  
  36  4:14  Zergling x16  
  45  4:25  Lair  
  45  4:32  Zergling x10  
  48  4:50  Spore Crawler  
  32  5:11  Spore Crawler  
  31  5:17  Spore Crawler  
  30  5:21  Spore Crawler  
  30  5:25  Drone x10  
  38  5:37  Queen  
  38  5:40  Queen  
  34  6:14  Drone  
  35  6:20  Drone x2  
  35  6:22  Drone x2  
  35  6:23  Drone  
  40  6:29  Spire  
  39  6:55  Drone x8  
  39  7:01  Centrifical Hooks  
  47  7:19  Overseer  
  47  7:26  Roach Warren  
  46  7:35  Evolution Chamber  
  45  7:37  Drone x3  
  45  7:39  Evolution Chamber  
  47  7:53  Hatchery  
  46  8:04  Zerg Ground Armor Level 1  
  46  8:05  Zerg Missile Weapons Level 1, Glial Reconstitution  
  46  8:09  Roach x6  
  46  8:11  Overlord  
  46  8:12  Overlord x6  
  58  8:16  Extractor  
  58  8:19  Extractor  
  56  8:52  Roach x11  
  56  8:53  Roach  
  56  8:54  Ravager x2  
  56  8:55  Ravager  
  83  8:56  Ravager  
  84  9:23  Zerg Flyer Weapons Level 1  
  84  9:24  Infestation Pit  
  83  9:27  Drone  
  83  9:28  Drone x8  
  92  9:50  Roach  
  92  9:51  Roach x5  
  99  10:20  Hive  
  99  10:35  Extractor  
  98  10:39  Extractor  
  97  10:44  Drone x13  
  97  10:45  Drone x3  
  109  11:38  Hatchery  
  109  11:39  Zerg Ground Armor Level 2  
  108  11:43  Zerg Melee Weapons Level 1  
  108  11:48  Corruptor x4  
  108  11:49  Corruptor x2  
  120  11:59  Drone x2  
  122  12:01  Overlord  
  122  12:02  Overlord x4  
  122  12:20  Drone x17  
  139  13:11  Roach x14, Extractor  
  168  13:13  Roach  
  168  13:20  Ultralisk Cavern, Zerg Flyer Weapons Level 2  
  168  13:21  Extractor  
  168  13:24  Spire  
  165  13:34  Ravager x2  
  165  13:35  Ravager  
  165  13:37  Overlord  
  165  13:38  Overlord x3  
  165  13:39  Overlord  
  168  13:44  Zerg Melee Weapons Level 2  
  168  14:16  Chitinous Plating  
  168  14:39  Greater Spire  
  168  14:43  Adrenal Glands  
  168  14:49  Roach x2  
  168  14:50  Roach x9  
  190  14:55  Corruptor x3  
  190  14:56  Corruptor x2  
  130  16:09  Roach  
  130  16:10  Roach x23  
  130  16:11  Roach x3  
  134  16:20  Roach x5  
  120  16:51  Brood Lord x4  
  128  16:54  Roach x6  
  128  16:55  Roach x3  
  146  17:16  Roach x3  
  152  17:24  Hatchery  
  151  17:52  Roach x2  
  151  17:53  Roach x14  
  165  18:45  Roach  
  165  18:46  Roach x16  
  89  19:52  Roach x14  
  117  19:53  Roach x9  
  117  20:16  Brood Lord x3  
  113  20:37  Roach x4  
  81  21:32  Roach x9  
  73  21:45  Zerg Ground Armor Level 3  
  73  21:47  Zerg Missile Weapons Level 2  
  73  22:03  Roach x6  
  85  22:18  Roach x5  
  85  22:19  Roach  
  97  22:24  Hatchery  
  96  22:34  Roach x5  
  106  22:41  Roach  
  106  22:42  Roach x2  
  112  22:48  Roach x2  
  70  23:33  Roach  
  70  23:34  Roach x13  
  98  23:56  Corruptor x3  
  104  24:17  Roach x7  
  118  24:43  Roach x8  
  134  24:54  Extractor  
  134  24:55  Extractor  
  132  25:17  Hatchery  
  131  25:29  Roach x6  
  131  25:30  Roach  
  143  26:50  Corruptor x3  
  149  27:01  Zergling x44  
  158  27:02  Zergling x10  
  176  27:34  Zergling x16  
  183  28:24  Roach x2  
  183  28:25  Roach x6  
  199  28:34  Baneling x15  
  199  29:15  Baneling x9  
Tags
 
Add a new tag
Caveats
  • Supply blocks, unpowered buildings, or Contaminate may cause inaccurate times.
  • Supply counts are checked every 10 seconds.